 Dungeon Crawl Stone Soup version 0.24.0-2-g5b39cebb1c (webtiles) character file.

Game seed: 7135160107601537042, levelgen mode: deterministic

15537 Cykl0x the Blocker (level 12, -1/94 HPs)
             Began as a Formicid Fighter on Oct 30, 2019.
             Was the Champion of Jiyva.
             Slain by a fire giant
             ... wielding a +0 great sword of flaming
              (5 damage)
             ... on level 13 of the Dungeon on Oct 31, 2019.
             The game lasted 00:38:19 (9446 turns).

Cykl0x the Blocker (Formicid Fighter)               Turns: 9446, Time: 00:38:19

Health: -1/94      AC: 20    Str: 22    XL:     12   Next: 58%
Magic:  19/21      EV: 18    Int: 10    God:    Jiyva [******]
Gold:   321        SH: 14    Dex: 18    Spells: 11/11 levels left

rFire    + + +     SeeInvis +   L - +2 demon blade (flame)
rCold    + + +     Gourm    .   v - +1 shield {AC+3}
rNeg     . . .     Faith    .   a - +6 scale mail "Naih" {rF++ rC++ Str-2}
rPois    +         Spirit   .   (helmet unavailable)
rElec    +         Reflect  .   z - +0 cloak
rCorr    +         Harm     .   (no gloves)
MR       +....                  (no boots)
Stlth    +.........             (no amulet)
HPRegen  0.25/turn              C - ring of magical power
MPRegen  0.17/turn              n - +3 ring of strength

@: agile, resistant
A: permanent stasis, dig shafts and tunnels, four strong arms, antennae 3, fangs
1, hooves 2, slimy green scales 1, cold resistance 1, tendrils
a: Dig, Shaft Self, Request Jelly, Slimify, Cure Bad Mutation, Renounce Religion


You were on level 13 of the Dungeon.
You worshipped Jiyva.
Jiyva was exalted by your worship.
You were full.

You visited 2 branches of the dungeon, and saw 14 of its levels.

You collected 507 gold pieces.
You spent 186 gold pieces at shops.

Inventory:

Hand Weapons
 s - a +0 short sword of venom
 y - a +0 glaive
 A - a +4 falchion
 L - a +2 demon blade of flaming (weapon)
Missiles
 h - 362 stones
 t - 10 boomerangs (quivered)
Armour
 a - the +6 scale mail "Naih" (worn) {rF++ rC++ Str-2}
   (You found it on level 8 of the Dungeon)

   It affects your strength (-2).
   It greatly protects you from fire.
   It greatly protects you from cold.
 b - a +2 scale mail
 d - a +0 chain mail
 v - a +1 shield of protection (worn)
 z - a +0 cloak (worn)
 H - a cursed +0 animal skin
Jewellery
 i - a +3 ring of intelligence
 n - a +3 ring of strength (right hand)
 x - an uncursed ring of flight
 C - a ring of magical power (left hand)
 G - a -3 ring of protection
Wands
 m - a wand of paralysis (4)
 E - a wand of flame (9)
 M - a wand of clouds (7)
Scrolls
 k - 5 scrolls of remove curse
 q - 4 scrolls of magic mapping
 u - a scroll of amnesia
 B - 2 scrolls of fog
Potions
 c - a potion of magic
 e - 4 potions of brilliance
 g - 2 potions of agility
 l - a potion of degeneration
 p - 2 potions of berserk rage {unknown}
 r - 4 potions of mutation {unknown}
 D - a potion of curing
 F - 3 potions of invisibility {unknown}
 I - a potion of flight {unknown}
Miscellaneous
 K - a box of beasts
Comestibles
 f - 23 rations


   Skills:
 + Level 8.4 Fighting
 + Level 11.9 Long Blades
 + Level 2.6 Throwing
 + Level 8.4 Armour
 + Level 5.1 Dodging
 + Level 1.7 Stealth
 + Level 12.4 Shields


You had 11 spell levels left.
You didn't know any spells.
Your spell library contained the following spells:

 Spells                   Type           Power        Failure   Level  Hunger
 Animate Skeleton         Necr           N/A          65%         1    ##.....
 Apportation              Tloc           #.....       65%         1    ##.....
 Confusing Touch          Hex            #.....       65%         1    ##.....
 Summon Small Mammal      Summ           #...         65%         1    ##.....


Dungeon Overview and Level Annotations

Branches:
Dungeon (13/15)            Temple (1/1) D:4            Lair (0/6) D:10
    Orc (0/2) D:12
 Vaults: D:13-14

Altars:
Ashenzari
Cheibriados
Elyvilon
Fedhas
Gozag
Hepliaklqana
Kikubaaqudgha
Qazlal
Sif Muna
Trog
Vehumet
Wu Jian
Xom
Yredelemnul
Zin
The Shining One
Jiyva

Shops:
D:6 *   D:7 [   D:8 :*(!%   D:13 **


Innate Abilities, Weirdness & Mutations

You cannot be hasted, slowed, berserked, paralysed or teleported.
You can dig through walls and to a lower floor.
Your four strong arms can wield two-handed weapons with a shield.
You have a pair of large antennae on your head. (SInv)
You have very sharp teeth.
You have hoof-like feet.
You are partially covered in slimy green scales. (AC +2)
Your flesh is cold resistant. (rC+)
You are covered in slimy tendrils that may disarm your opponents.


Message History

You hit the fire giant.
You kick the fire giant, but do no damage.
The fire giant is lightly wounded.
The fire giant hits you with a +0 great sword of flaming!
* * * LOW HITPOINT WARNING * * *
You hit the fire giant.
The fire giant is lightly wounded.
You slice the fire giant!! You burn the fire giant. You kick the fire giant.
The fire giant is moderately wounded.
You block the fire giant's attack.
You hit the fire giant.
You kick the fire giant, but do no damage.
The fire giant is moderately wounded.
The fire giant barely misses you.
You slice the fire giant!! You kick the fire giant.
The fire giant is severely wounded.
You slice the fire giant!! You burn the fire giant.
The fire giant is severely wounded.
The fire giant hits you with a +0 great sword of flaming.
You die...

. ### .. #.. { ...
..######
..###.##∩8.##
....#$.$$∩#
###cC'$$$.8#
#@#{{'$_8$∩# #
##C#{'$$$$8# #.
###.#$.$$.#
###.###
###.##.8.##
#......##...######
#...........#
#......#.#..#
#...........###
......#.#.>..+


You could see a fire giant.

Vanquished Creatures
  The ghost of Ined the Severer, a journeyman MiBe of Trog (D:13)
  Harold (D:7)
  A two-headed ogre (D:10)
  Nergalle (D:11)
  3 unseen horrors
  Pikel (D:9)
  An ugly thing (D:12)
  2 cyclopes
  Maurice (D:9)
  Joseph (D:7)
  A centaur zombie (D:12)
  A gargoyle (D:12)
  A hornet (D:8)
  Grinder (D:5)
  Sigmund (D:3)
  A spriggan (D:7)
  13 yaks
  A wyvern (D:12)
  Grum (D:10)
  3 vampire mosquitoes (D:13)
  2 soldier ants
  A porcupine (D:10)
  A hornet zombie (D:7)
  An ice beast (D:9)
  3 sky beasts
  9 ogres
  4 orc warriors
  A phantom (D:7)
  3 wolves (D:10)
  2 centaurs
  A crocodile (D:12)
  Blork the orc (D:5)
  7 bullfrogs
  A wyvern zombie (D:11)
  5 scorpions
  A water moccasin skeleton (D:11)
  5 killer bees (D:12)
  5 wights (D:8)
  A howler monkey (D:6)
  6 crimson imps
  4 bullfrog zombies
  2 quasits
  Crazy Yiuf (D:5)
  3 hounds
  5 orc priests
  2 bullfrog skeletons
  2 centaur skeletons
  Jessica (D:3)
  Terence (D:2)
  2 iguanas
  7 orc wizards
  9 worker ants
  2 hound skeletons
  A howler monkey zombie (D:10)
  3 worker ant zombies
  15 gnolls
  8 adders
  3 shadow imps
  An adder skeleton (D:8)
  A worm (D:2)
  2 dart slugs
  5 leopard geckos
  31 orcs
  9 bats
  7 giant cockroaches
  3 goblins
  2 hobgoblins (D:2)
  3 jackals (D:5)
  9 kobolds
  6 quokkas
  A ball python (D:6)
  4 frilled lizards
  10 rats
  A fungus (D:5)
263 creatures vanquished.

Vanquished Creatures (others)
  A two-headed ogre (D:12)
  An unseen horror (D:12)
  A komodo dragon (D:12)
  2 slime creatures (D:12)
  An eye of draining (D:12)
  An ogre (D:10)
  A centaur (D:12)
  A big kobold (D:12)
  A bullfrog (D:10)
  A scorpion (D:6)
  14 jellies
  A centaur zombie (D:11)
  A crimson imp (D:12)
  A bullfrog skeleton (D:5)
  An iron imp (D:9)
  An iguana (D:6)
  A worker ant (D:5)
  A worker ant zombie (D:5)
  An adder (D:5)
  An adder skeleton (D:9)
  6 orcs
  3 jackals (D:11)
  A kobold (D:6)
  A fungus (D:10)
45 creatures vanquished.

Grand Total: 308 creatures vanquished

Notes
Turn   | Place    | Note
-------+----------+-------------------------------------------
     0 | D:1      | Cykl0x the Formicid Fighter began the quest for the Orb.
     0 | D:1      | Reached XP level 1. HP: 18/18 MP: 1/1
   151 | D:1      | Reached XP level 2. HP: 24/24 MP: 2/2
   624 | D:1      | Reached skill level 4 in Shields
   831 | D:2      | Reached XP level 3. HP: 16/29 MP: 3/3
   839 | D:2      | Reached XP level 4. HP: 17/35 MP: 4/4
  1162 | D:2      | Noticed Terence
  1183 | D:2      | Killed Terence
  1189 | D:2      | Reached XP level 5. HP: 31/42 MP: 5/5
  1944 | D:3      | Noticed a centaur
  1957 | D:3      | Killed a centaur
  1957 | D:3      | Reached skill level 1 in Dodging
  1957 | D:3      | Reached XP level 6. HP: 24/48 MP: 6/6
  1997 | D:3      | Found a stormy altar of Qazlal.
  2036 | D:3      | Found an ancient bone altar of Kikubaaqudgha.
  2038 | D:3      | Found a blossoming altar of Fedhas.
  2064 | D:3      | Noticed Jessica
  2075 | D:3      | Killed Jessica
  2111 | D:3      | Found a shattered altar of Ashenzari.
  2241 | D:3      | Noticed Sigmund
  2262 | D:3      | Killed Sigmund
  2262 | D:3      | Reached skill level 1 in Throwing
  2262 | D:3      | Reached skill level 5 in Shields
  2262 | D:3      | Reached XP level 7. HP: 19/54 MP: 7/7
  2794 | D:4      | Found a staircase to the Ecumenical Temple.
  2820 | Temple   | Entered the Ecumenical Temple
  2824 | Temple   | Became a worshipper of Jiyva Jeant the Shapeless
  3046 | D:4      | Reached skill level 5 in Long Blades
  3075 | D:4      | Found a shimmering altar of Xom.
  3588 | D:5      | Entered Level 5 of the Dungeon
  3603 | D:5      | Noticed Blork the orc
  3619 | D:5      | Killed Blork the orc
  3619 | D:5      | Reached XP level 8. HP: 31/60 MP: 8/8
  3687 | D:5      | Reached skill level 6 in Shields
  3709 | D:5      | Reached * piety under Jiyva
  3780 | D:5      | Reached skill level 5 in Armour
  3791 | D:5      | Noticed Grinder
  3810 | D:5      | Killed Grinder
  3954 | D:5      | Found a runed translucent door.
  3955 | D:5      | Noticed Crazy Yiuf
  3961 | D:5      | Killed Crazy Yiuf
  4346 | D:6      | Reached ** piety under Jiyva
  4371 | D:6      | Found a glowing silver altar of Zin.
  4372 | D:6      | Found Zin's Purification Station.
  4409 | D:6      | Reached skill level 7 in Shields
  4415 | D:6      | Reached XP level 9. HP: 38/66 MP: 9/9
  4543 | D:6      | Found a radiant altar of Vehumet.
  4564 | D:6      | Reached *** piety under Jiyva
  4564 | D:6      | Gained mutation: You are somewhat resistant to further
                  | mutation. [Jiyva's grace]
  4578 | D:6      | Found a white marble altar of Elyvilon.
  4616 | D:6      | Found a basalt altar of Yredelemnul.
  4688 | D:6      | Found a glowing golden altar of the Shining One.
  4806 | D:6      | Found a shimmering blue altar of Sif Muna.
  4835 | D:6      | Found a bloodstained altar of Trog.
  4942 | D:6      | Found Wemeamume's Distillery.
  5003 | D:7      | Found Wigaod's Armour Emporium.
  5007 | D:7      | Bought a +0 shield of protection for 126 gold pieces
  5030 | D:7      | Noticed Joseph
  5052 | D:7      | Killed Joseph
  5052 | D:7      | Reached skill level 5 in Fighting
  5065 | D:7      | Reached skill level 8 in Shields
  5156 | D:7      | Found an ornate altar of the Wu Jian Council.
  5293 | D:7      | Reached skill level 1 in Stealth
  5317 | D:7      | Noticed Harold
  5350 | D:7      | Killed Harold
  5350 | D:7      | Reached XP level 10. HP: 4/74 MP: 10/10
  5878 | D:8      | Reached skill level 9 in Shields
  5890 | D:8      | Got a jewelled scale mail
  5901 | D:8      | Identified the +6 scale mail "Naih" {rF++ rC++ Str-2} (You
                  | found it on level 8 of the Dungeon)
  5963 | D:8      | Found Cuesu's Weapon Shoppe.
  5976 | D:8      | Gained mutation: You are covered in slimy tendrils that may
                  | disarm your opponents. [Jiyva's grace]
  5980 | D:8      | Reached **** piety under Jiyva
  6045 | D:8      | Found Burchics's Food Boutique.
  6082 | D:8      | Found Asei's Distillery.
  6085 | D:8      | Bought a potion of heal wounds for 60 gold pieces
  6169 | D:8      | Found Ofial's Assorted Antiques.
  6186 | D:8      | Found Tast's Book Shop.
  6677 | D:9      | Noticed Maurice
  6711 | D:9      | Killed Maurice
  6783 | D:9      | Lost mutation: You are somewhat resistant to further
                  | mutation. [Jiyva's grace]
  6800 | D:9      | Noticed Pikel
  6827 | D:9      | Killed Pikel
  6919 | D:9      | Reached ***** piety under Jiyva
  6953 | D:9      | Found a snail-covered altar of Cheibriados.
  7107 | D:10     | Entered Level 10 of the Dungeon
  7191 | D:10     | Gained mutation: Your flesh is cold resistant. (rC+)
                  | [Jiyva's grace]
  7267 | D:10     | Reached skill level 10 in Long Blades
  7267 | D:10     | Reached skill level 10 in Shields
  7267 | D:10     | Reached XP level 11. HP: 68/81 MP: 11/11
  7288 | D:10     | Noticed Grum
  7320 | D:10     | Killed Grum
  7367 | D:10     | Found a staircase to the Lair.
  7373 | D:10     | Gained mutation: You are partially covered in slimy green
                  | scales. (AC +2) [Jiyva's grace]
  7508 | D:10     | Noticed a two-headed ogre
  7526 | D:10     | Killed a two-headed ogre
  7888 | D:11     | Noticed a cyclops
  7907 | D:11     | Killed a cyclops
  7955 | D:11     | Noticed Nergalle
  7989 | D:11     | Killed Nergalle
  8126 | D:11     | Reached skill level 11 in Shields
  8189 | D:11     | Gained mutation: You have very sharp teeth. [Jiyva's grace]
  8303 | D:11     | Noticed an unseen horror
  8341 | D:11     | Killed an unseen horror
  8456 | D:11     | Reached ****** piety under Jiyva
  8631 | D:12     | Killed a two-headed ogre
  8634 | D:12     | Gained mutation: You have large cloven feet. [Jiyva's
                  | grace]
  8703 | D:12     | Noticed a cyclops
  8736 | D:12     | Reached XP level 12. HP: 58/92 MP: 12/12
  8736 | D:12     | Killed an unseen horror
  8948 | D:12     | Found a staircase to the Orcish Mines.
  9009 | D:12     | Gained mutation: You have hoof-like feet. [Jiyva's grace]
  9033 | D:12     | Noticed an unseen horror
  9033 | D:12     | Noticed an unseen horror
  9072 | D:12     | Reached skill level 12 in Shields
  9079 | D:12     | Reached skill level 5 in Dodging
  9109 | D:12     | Killed an unseen horror
  9111 | D:12     | Killed an unseen horror
  9126 | D:12     | Identified a scroll of acquirement
  9188 | D:12     | Gained mutation: Armour fits poorly on your strangely
                  | shaped body. [Jiyva's grace]
  9309 | D:12     | Lost mutation: Armour fits poorly on your strangely shaped
                  | body. [Jiyva's power]
  9381 | D:13     | Found a runed translucent gate.
  9382 | D:13     | Found a runed translucent gate.
  9382 | D:13     | Found an opulent altar of Gozag.
  9383 | D:13     | Found a runed translucent gate.
  9384 | D:13     | Found Ocekick's Assorted Antiques.
  9384 | D:13     | Noticed a fire giant
  9384 | D:13     | Noticed Ined's ghost (journeyman MiBe)
  9384 | D:13     | Noticed a tengu warrior
  9385 | D:13     | Found Fanki's Assorted Antiques.
  9385 | D:13     | Noticed a centaur warrior
  9436 | D:13     | Killed Ined's ghost
  9441 | D:13     | HP: 3/94 [fire giant/+0 great sword of flaming (12)]
  9446 | D:13     | Slain by a fire giant

Levels and vault maps discovered:
D:1:      dpeg_arrival_chambers_temple_mockup, layout_basic
D:2:      layout_basic, uniq_terence
D:3:      layout_loops_ring, grunt_temple_overflow_growth_and_decay,
          ashenzari_conservatory_becter, lemuel_doored_altar,
          chequers_serial_rivers_micro_c, minmay_mini_jars, uniq_sigmund,
          uniq_jessica
D:4:      layout_rooms, nicolae_overflow_crystal_walls,
          minmay_temple_entry_glass, serial_bayou_pond_e
D:5:      layout_cave_pools, first_ration, hex_tiny, minmay_misc_feat_encased,
          kennysheep_generic_room_8, uniq_grinder, uniq_crazy_yiuf_cottage,
          uniq_blork_the_orc
D:6:      layout_cave_pools, vehumet_altar_wand_db, tgw_sif,
          yredelemnul_altar_generic, zin_purify, overflow_temple_1_default,
          kennysheep_mini_moat, serial_shops, shop, st_stairs_10,
          nicolae_tso_carved_into_rock
D:7:      layout_basic, kennysheep_mini, serial_shops, shop,
          chequers_serial_rivers_marsh, the_bakery, corexii_hall_statues_s,
          uniq_harold, uniq_joseph
D:8:      layout_gridville, serial_shops, shop_fountains,
          nicolae_shop_overgrown_old_shop, nicolae_shop_behind_doors, shop,
          kennysheep_little_box, minivault_11, abandoned_shop, chequers_avenue
D:9:      layout_rooms, slow_altar_2, serial_curves, eino_curves_03,
          eino_curves_03, uniq_maurice, uniq_pikel
D:10:     layout_roguey, grunt_lair_entry_orc_guard_hut, uniq_grum
D:11:     minmay_razor_zed, layout_cross, uniq_nergalle
D:12:     layout_rooms, orc_0_dummy, serial_glass, glass_columns_a,
          glass_columns_a, due_unseen_surprise, minmay_strange_pillars
D:13:     layout_roguey, ximxim_vaults_locker_room, ebering_ghost_gozag,
          serial_glass, glass_columns_a, glass_columns_a, glass_columns_a,
          st_stairs_5
Temple:   pf_slimified_temple

Skill      XL: |  1  2  3  4  5  6  7  8  9 10 11 12 |
---------------+-------------------------------------+-----
Shields        | 4 5 7 8 10 11 12 | 12.4
Long Blades    | 3 4 5 6 8 10 11 | 11.9
Armour         | 4 5 6 7 8 |  8.4
Dodging        | 1 2 4 5 |  5.1
Fighting       | 4 5 6 7 8 |  8.4
Throwing       | 1 2 |  2.6
Stealth        | 1 |  1.7

Action                   |  1- 3 |  4- 6 |  7- 9 | 10-12 || total
-------------------------+-------+-------+-------+-------++-------
Melee: Long sword        |    53 |   117 |   329 |    79 ||   578
       Falchion          |       |       |       |   787 ||   787
       Kick              |       |       |       |   126 ||   126
       Bite              |       |       |       |    44 ||    44
       Demon blade       |       |       |       |    47 ||    47
Throw: Stone             |    18 |    32 |       |       ||    50
       Boomerang         |       |       |    14 |     9 ||    23
Invok: Cure Bad Mutation |       |       |       |     1 ||     1
 Abil: Dig               |     1 |     2 |     6 |    22 ||    31
  Use: Scroll            |     4 |     8 |     4 |     6 ||    22
       Potion            |       |       |     3 |    11 ||    14
  Eat: Chunk             |       |     5 |     9 |     1 ||    15
Armor: Scale mail        |    16 |    39 |    72 |   253 ||   380
Dodge: Dodged            |    17 |    36 |    78 |   278 ||   409
Block: Shield            |    37 |    82 |   196 |   535 ||   850
       Rpst.: Long sword |     5 |    15 |    25 |     7 ||    52
       Falchion          |       |       |       |    86 ||    86
       Demon blade       |       |       |       |     2 ||     2
